 Dungeon Crawl Stone Soup version 0.31-a0-1202-ga8fea8b373 (webtiles) character file.

Game seed: 10014355491503968888

58 Malachi the Ruffian (level 4, 0/37 HPs)
             Began as a Vine Stalker Cinder Acolyte on Dec 12, 2023.
             Was a High Priest of Ignis.
             Slain by a water moccasin (1 damage)
             ... on level 3 of the Dungeon.
             The game lasted 00:02:01 (1279 turns).

Malachi the Ruffian (Vine Stalker Cinder Acolyte)   Turns: 1279, Time: 00:02:01

Health: 0/37       AC: 22    Str: 25    XL:     4   Next: 2%
Magic:  0/6        EV:  2    Int: 14    God:    Ignis [*****.]
Gold:   693        SH:  0    Dex:  9    Spells: 5/5 levels left

rFire   + .          .
                       - Unarmed
rCold   . . .        (no shield)
rNeg    . . .        a - melded +0 robe
rPois   +            (helmet currently unavailable)
rElec   .            (cloak currently unavailable)
rCorr   .            (gloves currently unavailable)
SInv    .            (boots currently unavailable)
Will    .....        (no amulet)
Stlth   +            g - +6 ring of strength
HPRegen 1.06/turn    (no ring)
MPRegen 0.10/turn

%: guardian spirit
@: mighty, lethally poisoned (0 -> -1), tree-form
A: stationary, stasis, torment immunity, boosted hp, (fangs 2), regeneration 1,
magic shield, (antimagic bite), no potion heal 2
a: Renounce Religion, Fiery Armour, Foxfire Swarm, Rising Flame


You were on level 3 of the Dungeon.
You worshipped Ignis.
Ignis was extremely pleased with you.
You were a tree.
You visited 1 branch of the dungeon, and saw 3 of its levels.

You collected 693 gold pieces.

Inventory:

Armour
 a - a +0 robe (melded)
Jewellery
 g - a +6 ring of strength (left branch)
Scrolls
 e - a scroll of fear
 f - 2 scrolls of teleportation
 k - a scroll of brand weapon
 l - a scroll of enchant armour
Potions
 b - a potion of lignification
 c - a potion of magic


   Skills:
 + Level 3.6 Fighting
 + Level 4.0 Unarmed Combat
 - Level 1.1 Spellcasting
 - Level 3.0 Fire Magic


You had 5 spell levels left.
You didn't know any spells.
Your spell library contained the following spells:

 Spells                   Type           Power      Damage    Failure   Level
 Scorch                   Fire           18%        2d5       12%         2
 Apportation              Tloc           0%         N/A       26%         1
 Necrotise                Necr           0%         1d4       26%         1
 Summon Small Mammal      Summ           0%         N/A       26%         1
 Sublimation of Blood     Necr           0%         N/A       36%         2
 Wereblood                Tmut           0%         N/A       36%         2
 Summon Hydra             Summ           0%         N/A       100%        7


Dungeon Overview and Level Annotations

Branches:
Dungeon (3/15)

Altars:
Vehumet


Innate Abilities, Weirdness & Mutations

You are a tree.
Your roots penetrate the ground, keeping you stationary.
You cannot be teleported.
You are immune to unholy pain and torment.
Your maximum health is greatly increased.
Your equipment is partially melded.
((You have extremely sharp teeth.))
Your natural rate of healing is unusually fast.
When hurt, damage is shared between your health and your magic reserves.
((Your bite disrupts and absorbs the magic of your enemies.))
Potions cannot restore your health.


Message History

You are too injured to fight recklessly!
Unknown command.
You turn into a tree.
Your +0 robe melds into your body.
Your roots penetrate the ground.
* * * LOW HITPOINT WARNING * * *
You feel very sick.
The water moccasin bites you but does no damage.
The water moccasin barely misses you. The kobold hits you but does no damage.
Unknown command.
It was a potion of magic.
Magic courses through your body.
* * * LOW HITPOINT WARNING * * *
You feel very sick.
The water moccasin bites you but does no damage.
The kobold hits you but does no damage.
It was a potion of might.
You feel very mighty all of a sudden.
You feel sick.
The water moccasin bites you but does no damage. x2
The kobold hits you but does no damage.
It was a potion of curing.
Your system rejects the healing.
You feel better. The water moccasin bites you.
* * * LOW HITPOINT WARNING * * *
You are lethally poisoned!
The water moccasin poisons you! The kobold hits you but does no damage.
It was a potion of heal wounds.
That seemed strangely inert.
* * * LOW HITPOINT WARNING * * *
You feel very sick.
The water moccasin bites you but does no damage.
The kobold hits you but does no damage.
You smack the water moccasin!
The water moccasin is severely wounded.
* * * LOW HITPOINT WARNING * * *
You feel sick. The water moccasin bites you.
The water moccasin bites you but does no damage.
You hit the water moccasin.
The water moccasin is almost dead.
* * * LOW HITPOINT WARNING * * *
You feel sick. The kobold hits you but does no damage.
The water moccasin bites you.
You die...

###### ##.......# #
.........## #.
#...#....##
#.###.###.#..##
####.K#...#..#<..#####
#?...S♣._............#
#.....#...#...##.....#
#....###.###..##.....#
#.....#...#..###.....#
#............# #.....#
#######+##.#.# ..#####
#.....##...# .##
#.##.....#.##.
#.....#.#


You could see a water moccasin and a kobold.

Vanquished Creatures
  2 adders (D:2)
  A worm (D:2)
  5 ball pythons
  3 endoplasms (D:1)
  A giant cockroach (D:3)
  3 goblins
  4 hobgoblins
  A quokka (D:2)
  4 bats
  4 frilled lizards (D:1)
  4 kobolds
  4 rats
36 creatures vanquished.

Notes
Turn   | Place    | Note
-------+----------+-------------------------------------------
     0 | D:1      | Malachi the Vine Stalker Cinder Acolyte began the quest for
                  | the Orb.
     0 | D:1      | Reached XP level 1. HP: 11/11 MP: 3/3
   224 | D:1      | Reached XP level 2. HP: 13/16 MP: 4/4
   846 | D:2      | Reached XP level 3. HP: 20/20 MP: 5/5
  1221 | D:2      | Identified a scroll of acquirement
  1221 | D:2      | Acquired 583 gold pieces
  1224 | D:3      | Found a radiant altar of Vehumet.
  1233 | D:3      | Reached XP level 4. HP: 25/25 MP: 6/6
  1252 | D:3      | Reached skill level 4 in Unarmed Combat
  1266 | D:3      | Noticed a water moccasin
  1278 | D:3      | HP: 1/37 [poisoned by a water moccasin]
  1279 | D:3      | Slain by a water moccasin

Illustrated notes

Levels and vault maps discovered:
D:1:      heliophobic_arrival_ceremonial_halls, layout_loops_ring, serial_bayou,
          serial_bayou_lagoon_b, serial_bayou_pond_e, serial_bayou_shore_b,
          serial_bayou_pond_d
D:2:      layout_rooms
D:3:      layout_basic, vehumet_crystals, lemuel_crystal_altar,
          mainiacjoe_overflow_alcove_1, uniq_terence

Skill      XL: |  1  2  3  4 |
---------------+-------------+-----
Fighting       | 3 |  3.6
Unarmed Combat | 4 |  4.0
Spellcasting   | |  1.1
Fire Magic     | |  3.0

Action                     |  1- 3 |  4- 6 || total
---------------------------+-------+-------++-------
  Melee: Unarmed           |    86 |     9 ||    95
         Bite              |    18 |     1 ||    19
         Punch             |     1 |       ||     1
    Use: Scroll            |     1 |     5 ||     6
         Potion            |       |     5 ||     5
 Armour: Robe              |    42 |     9 ||    51
         Skin              |       |    15 ||    15
  Dodge: Dodged            |    62 |     4 ||    66

Table legend: (Time is in decaauts)
 A = Elapsed time spent in this place.
 B = Non-inter-level travel time spent in this place.
 C = Inter-level travel time spent in this place.
 D = Time resting spent in this place.
 E = Time spent auto-exploring this place.
 F = Levels seen in this place.
 G = Mean time per level.
                   A        B        C        D        E       F      G
               +--------+--------+--------+--------+--------+-----+--------+
         Total |   1297 |   1209 |     88 |      0 |    963 |   3 |  432.3 |
       Dungeon |   1297 |   1209 |     88 |      0 |    963 |   3 |  432.3 |
               +--------+--------+--------+--------+--------+-----+--------+

Top non-repeatable levels by time:
     D:1: 815 daAuts
     D:2: 428 daAuts
     D:3: 53 daAuts
